 Dungeon Crawl Stone Soup version 0.21-a0-529-g8c7b3f5 (webtiles) character file.

3396 Amnesiac the Reanimator (level 9, -3/52 HPs)
             Began as a Deep Elf Necromancer on Dec 10, 2017.
             Was an Elder of Sif Muna.
             Slain by a two-headed ogre
             ... wielding a +0 giant club
              (11 damage)
             ... on level 8 of the Dungeon.
             The game lasted 00:16:10 (9074 turns).

Amnesiac the Reanimator (Deep Elf Necromancer)      Turns: 9074, Time: 00:16:10

Health: -3/52      AC:  8    Str: 11    XL:     9   Next: 75%
Magic:  24/24      EV: 14    Int: 24    God:    Sif Muna [****..]
Gold:   463        SH:  0    Dex: 15    Spells: 16/27 levels left

rFire    . . .     SeeInvis +   a - +2 quarterstaff (chaos)
rCold    . . .     Gourm    .   (shield currently unavailable)
rNeg     . . .     Faith    .   D - +3 leather armour
rPois    .         Spirit   .   (no helmet)
rElec    .         Reflect  .   G - +0 cloak
rCorr    .         Harm     .   (no gloves)
MR       .....                  x - +0 pair of boots
Stlth    ++........             (no amulet)
HPRegen  0.17/turn              E - ring of see invisible
MPRegen  0.19/turn              Q - +6 ring of strength

@: divine energy
A: no striking features
a: Stop Divine Energy, Channel Magic, Forget Spell, Renounce Religion


You were on level 8 of the Dungeon.
You worshipped Sif Muna.
Sif Muna was greatly pleased with you.
You were not hungry.

You visited 2 branches of the dungeon, and saw 9 of its levels.

You collected 463 gold pieces.

Inventory:

Hand Weapons
 a - a +2 quarterstaff of chaos (weapon)
 y - a +0 falchion
Missiles
 k - 430 stones (quivered)
 s - 22 poisoned needles
 F - 71 sling bullets
Armour
 x - a +0 pair of boots (worn)
 D - a +3 leather armour (worn)
 G - a +0 cloak (worn)
Jewellery
 l - an uncursed ring of flight
 B - an uncursed ring of positive energy
 E - a ring of see invisible (left hand)
 Q - a +6 ring of strength (right hand)
Wands
 n - a wand of iceblast (4)
 u - a wand of flame (30)
 C - a wand of digging (22)
 I - a wand of enslavement (23)
 O - a wand of paralysis (11)
Scrolls
 d - 4 scrolls of remove curse {!r}
 e - 3 scrolls of magic mapping {!r}
 r - 4 scrolls of enchant weapon {!r, unknown}
 v - 2 scrolls of amnesia {!r, unknown}
 w - 3 scrolls of fog {!r, unknown}
 J - a scroll of teleportation {!r, unknown}
 M - a scroll of blinking {!r, unknown}
 N - a scroll of immolation {!r, unknown}
Potions
 f - a potion of berserk rage {!q}
 h - a potion of magic {!q}
 i - 2 potions of brilliance {!q}
 j - 2 potions of heal wounds {!q}
 m - a potion of flight {!q}
 q - 2 potions of ambrosia {!q}
 z - 5 potions of curing {!q}
 A - a potion of resistance {!q}
 L - a potion of agility {!q}
Books
 b - a book of Necromancy

   Spells                             Type                      Level
   a - Pain                           Necromancy                   1
   b - Animate Skeleton               Necromancy                   1
   c - Vampiric Draining              Necromancy                   3
   d - Regeneration                   Charms/Necromancy            3
   e - Animate Dead                   Necromancy                   4
   f - Control Undead                 Necromancy                   4
 o - a book of Changes

   Spells                             Type                      Level
   a - Beastly Appendage              Transmutation                1
   b - Sticks to Snakes               Transmutation                2
   c - Spider Form                    Transmutation/Poison         3
   d - Ice Form                       Ice/Transmutation            4
   e - Blade Hands                    Transmutation                5
Comestibles
 c - 5 bread rations
 g - 3 chunks of flesh
 p - 8 royal jellies
 t - 6 meat rations
 H - 4 fruits


   Skills:
 - Level 4.2 Fighting
 - Level 4.2 Dodging
 - Level 2.4 Stealth
 + Level 9.8 Spellcasting
 * Level 12.7 Necromancy


You had 16 spell levels left.
You knew the following spells:

 Your Spells              Type           Power        Failure   Level  Hunger
a - Pain                  Necr           ####         1%          1    None
b - Control Undead        Necr           ######....   1%          4    #......
d - Vampiric Draining     Necr           ######....   1%          3    None
r - Regeneration          Chrm/Necr      #####.....   1%          3    None


Dungeon Overview and Level Annotations

Branches:
Dungeon (8/15)             Temple (1/1) D:7
   Lair: D:8-11

Altars:
Ashenzari
Cheibriados
Dithmenos
Elyvilon
Gozag
Hepliaklqana
Makhleb
Nemelex Xobeh
Okawaru
Qazlal
Ru
Sif Muna
Trog
Uskayaw
Vehumet
Wu Jian
Xom
Yredelemnul
Zin
The Shining One


Message History

You are feeling hungry.
The quokka skeleton misses you.
You hit the quokka skeleton.
The quokka skeleton is lightly damaged.
The quokka skeleton bites you but does no damage.
You hit the quokka skeleton.
Space bends around the quokka skeleton.
You destroy the quokka skeleton!
Sif Muna accepts your kill.
You see here a leather armour.
You start resting.
Eating one of 4 chunks of flesh.
You eat one of the 4 chunks of flesh.
This raw flesh tastes terrible.
HP restored.
You start resting.
A centaur skeleton comes into view.
You swap places.
You hit the centaur skeleton. You burn the centaur skeleton.
The centaur skeleton is moderately damaged.
The centaur skeleton completely misses you. x2
You hit the centaur skeleton.
The centaur skeleton is heavily damaged.
The centaur skeleton hits you.
You hit the centaur skeleton.
The centaur skeleton is severely damaged.
The centaur skeleton hits you but does no damage.
The centaur skeleton barely misses you.
You hit the centaur skeleton.
The centaur skeleton is almost destroyed.
The centaur skeleton hits you but does no damage.
The centaur skeleton is destroyed!
Sif Muna accepts your kill.
There is a stone staircase leading down here.
w - 3 scrolls labeled AHOSE XIRRUH {!r} (gained 1)
Found a stone staircase leading down.
There is a stone staircase leading down here.
You swap places.
There is a stone staircase leading down here.
HP restored.
Magic restored.
A two-headed ogre comes into view.
It is wielding a giant club and a dire flail.
A two-headed ogre is nearby!
A two-headed ogre is nearby!
The two-headed ogre shouts in stereo!
You hit the two-headed ogre.
The two-headed ogre is poisoned.
The two-headed ogre is lightly wounded.
The two-headed ogre barely misses you. The two-headed ogre misses you.
You barely miss the two-headed ogre.
The two-headed ogre is lightly wounded.
The two-headed ogre hits you with a giant club.
The two-headed ogre hits you with a dire flail.
You hit the two-headed ogre but do no damage.
The two-headed ogre goes berserk!
The two-headed ogre is lightly wounded.
The two-headed ogre closely misses you. The two-headed ogre misses you.
The two-headed ogre hits you with a giant club!!!
Ouch! That really hurt!
* * * LOW HITPOINT WARNING * * *
The two-headed ogre completely misses you.
Unknown command.
Okay, then.
Okay, then.
Unknown command.
The two-headed ogre closely misses you.
The two-headed ogre hits you with a dire flail!
You die...

*,**.........# #### ###
*,**#.....#..#####♣♣♣♣.#
*,* ###.###....#..♣._.♣♣
*,***##.###.###.........
*,,,,,......# #.........
*****##.##### #.........
#.# #####........ #O#
##.####.......
#@###.#.....#.....
#......####...####
######## ##......
#######


You could see a two-headed ogre (berserk).

Vanquished Creatures
  Pikel (D:8)
  Maurice (D:8)
  The ghost of Amnesiac the Reanimator, a novice DENe of Sif Muna (D:6)
  A yak (D:7)
  A human (D:7)
  3 hogs
  2 slaves (D:8)
  An ice beast (D:8)
  2 centaurs
  3 big kobolds (D:3)
  A gnoll sergeant (D:5)
  A scorpion (D:7)
  9 killer bees
  A crimson imp (D:6)
  3 jellies
  4 orc priests
  A bullfrog skeleton (D:7)
  Crazy Yiuf (D:5)
  Ijyb (D:3)
  2 iguanas
  4 orc wizards
  3 worker ants
  A worker ant zombie (D:8)
  6 gnolls
  12 adders
  A shadow imp (D:5)
  2 oozes (D:2)
  4 worms (D:2)
  2 dart slugs
  3 leopard geckos
  24 orcs
  3 bats
  4 giant cockroaches
  8 goblins
  5 hobgoblins
  2 jackals (D:4)
  7 quokkas
  5 frilled lizards
  47 kobolds
  A leopard gecko skeleton (D:5)
  2 quokka skeletons
  4 rats
190 creatures vanquished.

Vanquished Creatures (collateral kills)
  A centaur skeleton (D:8)
1 creature vanquished.

Grand Total: 191 creatures vanquished

Notes
Turn   | Place    | Note
-------+----------+-------------------------------------------
     0 | D:1      | Amnesiac the Deep Elf Necromancer began the quest for the Orb.
     0 | D:1      | Reached XP level 1. HP: 10/10 MP: 6/6
    57 | D:1      | Reached skill level 1 in Fighting
   162 | D:1      | Reached XP level 2. HP: 15/16 MP: 5/8
  1167 | D:2      | Reached XP level 3. HP: 15/21 MP: 7/9
  1172 | D:2      | Learned a level 3 spell: Vampiric Draining
  1176 | D:2      | Learned a level 3 spell: Regeneration
  1721 | D:2      | Reached XP level 4. HP: 23/27 MP: 6/10
  2174 | D:3      | Found a hide-covered altar of Uskayaw.
  2176 | D:3      | Noticed a hand axe
  2176 | D:3      | Noticed a hand axe
  2305 | D:3      | Found an ornate altar of the Wu Jian Council.
  2894 | D:4      | Found a snail-covered altar of Cheibriados.
  2900 | D:4      | Found a stormy altar of Qazlal.
  2905 | D:4      | Found a hazy altar of Hepliaklqana.
  3133 | D:4      | Reached XP level 5. HP: 20/32 MP: 2/11
  3690 | D:5      | Entered Level 5 of the Dungeon
  3796 | D:5      | Found a runed door.
  3841 | D:5      | Found a white marble altar of Elyvilon.
  3905 | D:5      | Found a radiant altar of Vehumet.
  3974 | D:5      | Noticed a phantom
  4134 | D:6      | Noticed a two-headed ogre
  4134 | D:6      | Noticed Amnesiac's ghost (novice DENe)
  4169 | D:7      | Reached XP level 6. HP: 35/38 MP: 7/12
  4217 | D:7      | Found a staircase to the Ecumenical Temple.
  4226 | Temple   | Entered the Ecumenical Temple
  4335 | Temple   | Became a worshipper of Sif Muna the Loreminder
  4699 | D:3      | Reached skill level 5 in Necromancy
  4721 | D:3      | Noticed Ijyb
  4789 | D:3      | Killed Ijyb
  4865 | D:3      | Reached skill level 6 in Necromancy
  5160 | D:3      | Reached XP level 7. HP: 26/43 MP: 2/15
  5266 | D:3      | Reached * piety under Sif Muna
  5436 | D:4      | Learned a level 4 spell: Control Undead
  5707 | D:5      | Reached skill level 7 in Necromancy
  5713 | D:5      | Reached skill level 5 in Spellcasting
  5901 | D:5      | Noticed Crazy Yiuf
  5907 | D:5      | Killed Crazy Yiuf
  6259 | D:6      | Found an iron altar of Okawaru.
  6273 | D:6      | Reached ** piety under Sif Muna
  6509 | D:6      | Reached skill level 8 in Necromancy
  6602 | D:6      | Found a sparkling altar of Nemelex Xobeh.
  6662 | D:7      | Reached XP level 8. HP: 44/48 MP: 18/18
  6711 | D:7      | Reached skill level 9 in Necromancy
  7050 | D:6      | Your ally Amnesiac died
  7294 | D:7      | Reached skill level 10 in Necromancy
  7395 | D:7      | Reached *** piety under Sif Muna
  7401 | D:7      | Reached XP level 9. HP: 44/52 MP: 0/23
  7423 | D:7      | Reached skill level 11 in Necromancy
  8233 | D:8      | Noticed a two-headed ogre
  8483 | D:8      | Noticed Pikel
  8500 | D:8      | Killed Pikel
  8500 | D:8      | Reached **** piety under Sif Muna
  8500 | D:8      | Reached skill level 12 in Necromancy
  8572 | D:8      | Noticed Maurice
  8606 | D:8      | Killed Maurice
  8786 | D:8      | Found a glowing silver altar of Zin.
  8811 | D:8      | Found a shadowy altar of Dithmenos.
  8821 | D:8      | Found an iron altar of Okawaru.
  9067 | D:8      | Noticed a two-headed ogre
  9074 | D:8      | Slain by a two-headed ogre

Vault maps used:
D:1:      minmay_arrival_doors
D:2:      first_bread, nrook_uturn, minmay_pentomino_p2
D:3:      minmay_goblin_kobold_castle, dancing_weapons_uskayaw,
          nicolae_overflow_hidden_temple, uniq_ijyb
D:4:      minmay_overflow_temple_star_quad, hangedman_decor_growths
D:5:      vehumet_altar_wand_db, lemuel_doored_altar, kennysheep_another_room,
          uniq_crazy_yiuf_cottage
D:6:      kennysheep_mini, overflow_temple_1_default,
          minmay_misc_feat_more_columns
D:7:      minmay_temple_entry_crystal_x, grunt_livestock
D:8:      lemuel_coloured_pillars_altar,
          nicolae_dithmenos_through_a_glass_darkly, zin_academy,
          okawaru_gym_becter, uniq_pikel, uniq_maurice
Temple:   nicolae_temple_figure_zero

Skill      XL: |  1  2  3  4  5  6  7  8  9 |
---------------+----------------------------+-----
Fighting       | 1 2 3 4 |  4.2
Dodging        | 3 4 |  4.2
Necromancy     | 6 8 10 12 | 12.7
Spellcasting   | 4 5 8 9 |  9.8
Stealth        | |  2.4

Action                   |  1- 3 |  4- 6 |  7- 9 || total
-------------------------+-------+-------+-------++-------
Melee: Unarmed           |     1 |       |       ||     1
       Falchion          |       |    47 |    13 ||    60
       Quarterstaff      |       |       |   163 ||   163
Throw: Stone             |       |       |     1 ||     1
 Cast: Pain              |    64 |   106 |   120 ||   290
       Vampiric Draining |       |    14 |    78 ||    92
       Regeneration      |       |     2 |     5 ||     7
       Control Undead    |       |       |     2 ||     2
Invok: Divine Energy     |       |       |     1 ||     1
  Use: Scroll            |       |     1 |     9 ||    10
       Potion            |       |       |     2 ||     2
 Stab: Distracted        |       |     1 |       ||     1
       Sleeping          |       |       |     1 ||     1
  Eat: Chunk             |     2 |     8 |    14 ||    24
       Royal jelly       |       |     2 |       ||     2
Armor: Leather armour    |       |    24 |   104 ||   128
       Robe              |       |     6 |       ||     6
Dodge: Dodged            |     3 |    94 |   214 ||   311
       Rpst.: Falchion   |       |    11 |    11 ||    22

Table legend:
 A = Spawn XP
 B = Non-spawn XP
 C = Spawn XP percentage of total XP
 D = Spawn monster count
 E = Non-spawn monster count
 F = Spawn count percentage of total count
 G = Total turns spent on level
                    A         B        C        D         E        F      G
               +---------+---------+-------+---------+---------+-------+---------
         Total |       0 |    4852 |   0.0 |       0 |     188 |   0.0 |  9074
               +---------+---------+-------+---------+---------+-------+---------
           D:1 |       0 |      20 |   0.0 |       0 |      12 |   0.0 |   907
           D:2 |       0 |      97 |   0.0 |       0 |      30 |   0.0 |  1225
           D:3 |       0 |     420 |   0.0 |       0 |      51 |   0.0 |  1552
           D:4 |       0 |     179 |   0.0 |       0 |      17 |   0.0 |  1171
           D:5 |       0 |     338 |   0.0 |       0 |      20 |   0.0 |  1087
           D:6 |       0 |     455 |   0.0 |       0 |      11 |   0.0 |   606
           D:7 |       0 |    1533 |   0.0 |       0 |      23 |   0.0 |  1463
           D:8 |       0 |    1810 |   0.0 |       0 |      24 |   0.0 |   943
               +---------+---------+-------+---------+---------+-------+---------
